 Dungeon Crawl Stone Soup version 0.27.1-1-g398f81649c (webtiles) character file.

Game seed: 17866915592955965267

958 nxtlvl the Grappler (level 7, -8/66 HPs)
             Began as a Troll Abyssal Knight on Sept 6, 2021.
             Was a Believer of Lugonu.
             Shot with an arrow by a centaur (12 damage)
             ... on level 7 of the Dungeon.
             The game lasted 00:07:40 (1156 turns).

nxtlvl the Grappler (Troll Abyssal Knight)          Turns: 1156, Time: 00:07:41

Health: -8/66      AC:  4    Str: 21    XL:     7   Next: 91%
Magic:  0/7        EV:  9    Int: 10    God:    Lugonu [**....]
Gold:   189        SH:  0    Dex:  9    Spells: 3/6 levels left

rFire    . . .     SeeInvis .     - Unarmed
rCold    . . .     Faith    .   (no shield)
rNeg     . . .     Spirit   +   a - +0 robe
rPois    .         Reflect  .   (helmet restricted)
rElec    .         Harm     .   (no cloak)
rCorr    .         Rampage  .   (gloves unavailable)
Will     .....                  (boots unavailable)
Stlth    +.........             e - amulet of guardian spirit
HPRegen  1.21/turn              (no ring)
MPRegen  0.10/turn              (no ring)

@: no status effects
A: large, unfitting armour, claws 3, regeneration 1, shaggy fur 1, tough skin 1
a: Renounce Religion, Depart the Abyss, Bend Space


You were on level 7 of the Dungeon.
You worshipped Lugonu.
Lugonu was pleased with you.
You visited 1 branch of the dungeon, and saw 7 of its levels.
You visited the Abyss 1 time.

You collected 189 gold pieces.

Inventory:

Missiles
 c - 32 sling bullets
 l - 20 poisoned darts
 n - a throwing net
Armour
 a - a +0 robe (worn)
Jewellery
 e - an amulet of guardian spirit (around neck)
 o - a ring of fire
Scrolls
 b - 3 scrolls of identify {unknown}
 d - a scroll of fog {unknown}
 f - a scroll of magic mapping {unknown}
 h - a scroll of vulnerability {unknown}
 i - 3 scrolls of teleportation {unknown}
 m - a scroll of fear {unknown}
 p - a scroll of amnesia {unknown}
Potions
 g - a potion of curing
 k - a potion of lignification {unknown}
 q - a potion of mutation {unknown}


   Skills:
 - Level 2.4 Fighting
 - Level 1.9 Dodging
 * Level 8.1 Unarmed Combat
 + Level 3.2 Transmutations
 - Level 1.5 Invocations


You had 3 spell levels left.
You knew the following spells:

 Your Spells              Type           Power      Damage    Failure   Level
a - Beastly Appendage     Tmut           12%        N/A       10%         1
s - Wereblood             Tmut           6%         N/A       16%         2

Your spell library contained the following spells:

 Spells                   Type           Power      Damage    Failure   Level
 Summon Small Mammal      Summ           0%         N/A       36%         1
 Spider Form              Tmut/Pois      1%         N/A       52%         3
 Call Canine Familiar     Summ           0%         N/A       75%         3
 Summon Guardian Golem    Hex/Summ       0%         N/A       75%         3


Dungeon Overview and Level Annotations

Branches:
Dungeon (7/15)
 Temple: D:4-7

Altars:


Innate Abilities, Weirdness & Mutations

You are too large for most types of armour.
You have claws for hands.
Your natural rate of healing is unusually fast.
You are covered in fur. (AC +1)
You have tough skin. (AC +1)


Message History

Found 12 gold pieces.
The orc hits you but does no damage. The orc hits you with a +0 dagger.
* * * LOW HITPOINT WARNING * * *
You scratch the orc.
The orc is moderately wounded.
The centaur shoots an arrow.
The arrow hits you.
* * * LOW HITPOINT WARNING * * *
You claw the orc!
You kill the orc!
Lugonu accepts your kill. The orc hits you with a +0 mace.
* * * LOW HITPOINT WARNING * * *
The centaur shoots an arrow.
The arrow hits you.
* * * LOW HITPOINT WARNING * * *
The centaur unwields a +0 shortbow.
The centaur hits you.
* * * LOW HITPOINT WARNING * * *
The centaur kicks you.
* * * LOW HITPOINT WARNING * * *
Something hits you but does no damage. The orc barely misses you.
Things that are here:
a +0 dagger; 2 silver boomerangs; an orc corpse You closely miss the centaur.
The centaur barely misses you. x2
Something hits you but does no damage. The orc closely misses you.
You scratch the centaur.
The centaur is lightly wounded.
The centaur hits you.
* * * LOW HITPOINT WARNING * * *
The centaur kicks you but does no damage.
Something hits you.
* * * LOW HITPOINT WARNING * * *
The orc wizard casts a spell at you. The magic dart hits you.
* * * LOW HITPOINT WARNING * * *
The centaur closely misses you.
The centaur kicks you but does no damage.
The orc hits you with a +0 mace.
* * * LOW HITPOINT WARNING * * *
The centaur wields a +0 shortbow.
The centaur shoots an arrow.
The arrow hits you!
You die...

#....##..###....
#<.......$..#
##.......#### .
##.........#... ..
#.)..............
#...#).####......
.....##..# ....#
......##..####$...#
#......##..{#@....#
#......##.oc)o....#
#.....###..o......#
#....................
................
#####...........
#.......####
#......## .......#


You could see a centaur, an orc priest, an orc wizard and an orc.

Vanquished Creatures
  An ice beast (D:5)
  An ogre (D:5)
  A kobold brigand (D:6)
  2 bullfrogs
  A wyvern zombie (D:7)
  2 scorpions (D:6)
  A water moccasin zombie (D:5)
  A hound (D:6)
  A bullfrog zombie (D:5)
  4 orc priests
  A bullfrog skeleton (D:4)
  2 orc wizards
  A scorpion zombie (D:5)
  2 adders (D:3)
  2 worms
  A dart slug (D:2)
  9 orcs
  A bat (D:1)
  2 endoplasms
  2 giant cockroaches (D:2)
  4 goblins
  2 hobgoblins
  2 jackals (D:2)
  A quokka (D:2)
  A ball python (D:2)
  A frilled lizard (D:1)
  6 kobolds
  A rat (D:4)
56 creatures vanquished.

Notes
Turn   | Place    | Note
-------+----------+-------------------------------------------
     0 | Abyss:1  | nxtlvl the Troll Abyssal Knight began the quest for the
                  | Orb.
     0 | Abyss:1  | Reached XP level 1. HP: 22/22 MP: 1/1
    17 | D:1      | Escaped the Abyss
   172 | D:2      | Found a faded altar of an unknown god.
   184 | D:2      | Reached XP level 2. HP: 29/29 MP: 2/2
   209 | D:2      | Reached skill level 3 in Unarmed Combat
   421 | D:1      | Reached ** piety under Lugonu
   465 | D:3      | Reached XP level 3. HP: 33/36 MP: 3/3
   505 | D:3      | Reached skill level 4 in Unarmed Combat
   594 | D:4      | Reached XP level 4. HP: 44/44 MP: 4/4
   617 | D:4      | Learned a level 1 spell: Beastly Appendage
   620 | D:4      | Learned a level 2 spell: Wereblood
   640 | D:5      | Entered Level 5 of the Dungeon
   646 | D:5      | Noticed an ogre
   647 | D:5      | Noticed an ice beast
   655 | D:5      | Noticed a water moccasin
   693 | D:5      | Reached skill level 5 in Unarmed Combat
   693 | D:5      | Reached XP level 5. HP: 50/50 MP: 3/5
   707 | D:5      | Reached skill level 1 in Transmutations
   783 | D:5      | Killed an ice beast
   784 | D:5      | Reached XP level 6. HP: 26/59 MP: 1/6
   792 | D:5      | Reached skill level 6 in Unarmed Combat
   921 | D:6      | Reached XP level 7. HP: 55/66 MP: 4/7
   947 | D:6      | Reached skill level 7 in Unarmed Combat
  1117 | D:7      | Reached skill level 8 in Unarmed Combat
  1155 | D:7      | HP: 3/66 [orc (1)]
  1156 | D:7      | Shot with an arrow by a centaur

Illustrated notes

Levels and vault maps discovered:
D:1:      minmay_arrival_three_doors, layout_loops_ring, item_on_display_b
D:2:      minmay_chambers_of_twos, layout_basic, basic_ecumenical_altar
D:3:      layout_basic
D:4:      layout_cave_pools, minmay_misc_feat_diagonals
D:5:      layout_basic
D:6:      minmay_angry_zag, layout_basic, minmay_temple_entry_statues_pillars,
          fountainhead, minmay_lizard_king
D:7:      layout_layer_cave

Skill      XL: |  1  2  3  4  5  6  7 |
---------------+----------------------+-----
Unarmed Combat | 3 4 5 6 8 |  8.1
Transmutations | 1 2 3 |  3.2
Fighting       | |  2.4
Dodging        | |  1.9
Invocations    | |  1.5

Action                   |  1- 3 |  4- 6 |  7- 9 || total
-------------------------+-------+-------+-------++-------
Melee: Unarmed           |    60 |    67 |    70 ||   197
  Use: Potion            |       |       |     2 ||     2
Armor: Robe              |    27 |    13 |    24 ||    64
Dodge: Dodged            |    23 |    20 |    33 ||    76
